 Dungeon Crawl Stone Soup version 0.32-a0-433-g08bcfe7efd (webtiles) character file.

Game seed: 11235345105444710162

371 night the Shooter (level 6, -3/46 HPs)
             Began as a Coglin Hexslinger on Feb 22, 2024.
             Was a Believer of Beogh.
             Slain by a kobold brigand
             ... wielding a +0 short sword
              (5 damage)
             ... in a sewer.
             The game lasted 00:09:53 (2858 turns).

night the Shooter (Coglin Hexslinger)               Turns: 2858, Time: 00:09:54

Health: -3/46      AC:  4    Str:  8    XL:     6   Next: 70%
Magic:  8/8        EV: 13    Int: 12    God:    Beogh [**....]
Gold:   40         SH:  0    Dex: 19    Spells: 5/7 levels left

rFire   . . .        a - +1 sling {Jingyi}
rCold   . . .        (no shield)
rNeg    . . .        c - +0 robe
rPois   .            j - +0 helmet
rElec   .            (no cloak)
rCorr   .            m - +0 pair of gloves
SInv    .            (no boots)
Will    .....        (no amulet)
Stlth   ++           (no ring)
HPRegen 0.27/turn    (no ring)
MPRegen 0.11/turn

%: no passive effects
@: weak-willed, immotile, revved
A: off-hand wielding, slow wielding, warmup strikes, legs shutdown
a: Renounce Religion, Smiting


You were in a sewer.
You worshipped Beogh.
Beogh was pleased with you.
You visited 1 branch of the dungeon, and saw 3 of its levels.
You also visited: Sewer.

You collected 40 gold pieces.

Inventory:

Hand Weapons
 a - a +1 sling (weapon) {Jingyi}
Missiles
 d - 41 stones
Armour
 c - a +0 robe (worn)
 j - a +0 helmet (worn)
 m - a +0 pair of gloves (worn)
Scrolls
 e - a scroll of butterflies
 f - a scroll of enchant armour {unknown}
 g - 2 scrolls of identify
 h - a scroll of silence {unknown}
 i - a scroll of teleportation {unknown}
 k - a scroll of poison
Potions
 b - a potion of invisibility {unknown}


   Skills:
 + Level 2.9 Fighting
 * Level 4.1 Ranged Weapons
 + Level 3.1 Dodging
 - Level 1.4 Spellcasting
 - Level 3.0 Hexes
 - Level 0.8 Fire Magic
 + Level 1.4 Invocations


You had 5 spell levels left.
You knew the following spells:

 Your Spells              Type           Power      Damage    Failure   Level
a - Jinxbite              Hex            16%        N/A       12%         2

Your spell library contained the following spells:

 Spells                   Type           Power      Damage    Failure   Level
 Sigil of Binding         Hex            8%         N/A       24%         3
 Apportation              Tloc           0%         N/A       28%         1
 Necrotise                Necr           0%         1d4       28%         1
 Sting                    Conj/Alch      0%         1d3       28%         1
 Summon Small Mammal      Summ           0%         N/A       28%         1
 Inner Flame              Hex/Fire       5%         N/A       36%         3
 Cause Fear               Hex            4%         N/A       63%         4
 Fugue of the Fallen      Necr           0%         N/A       65%         3
 Ozocubu's Armour         Ice            0%         N/A       65%         3
 Dimensional Bullseye     Hex/Tloc       2%         N/A       83%         4
 Manifold Assault         Tloc           0%         N/A       96%         4


Dungeon Overview and Level Annotations

Branches:
Dungeon (3/15)              Sewer (1/1)

Altars:
Beogh


Innate Abilities, Weirdness & Mutations

Your facial features look somewhat orcish.
You can wield a second weapon in your off-hand.
It takes a long time for you to wield or remove held weapons.
Your first few attacks do less damage.
Attacking and casting redirects power from your legs.


Message History

The kobold brigand hits you with a +0 short sword. x2
You shoot a sling bullet.
The sling bullet hits the kobold brigand.
The kobold brigand is heavily wounded.
You feel sick.
You are no longer poisoned.
The kobold brigand seems less drained.
The kobold brigand barely misses you.
You shoot a sling bullet.
The sling bullet hits the kobold brigand.
The kobold brigand is heavily wounded.
The kobold brigand completely misses you.
The kobold brigand hits you with a +0 short sword!
* * * LOW HITPOINT WARNING * * *
You are too injured to fight recklessly!
Fire: a) +1 sling {Jingyi}
Press: ? - help, Shift-Dir - straight line, f/p - kobold brigand
Aim: a kobold brigand, wielding a +0 short sword, wearing a +0 robe and quivering curare-tipped darts (heavily wounded, 56% to hit)
You shoot a sling bullet.
The sling bullet hits the kobold brigand!
The kobold brigand is severely wounded.
The kobold brigand barely misses you.
The kobold brigand hits you with a +0 short sword.
* * * LOW HITPOINT WARNING * * *
Fire: a) +1 sling {Jingyi}
Press: ? - help, Shift-Dir - straight line, f/p - kobold brigand
Aim: a kobold brigand, wielding a +0 short sword, wearing a +0 robe and quivering curare-tipped darts (severely wounded, 56% to hit)
You shoot a sling bullet.
The sling bullet hits the kobold brigand.
The kobold brigand is almost dead.
You feel yourself speed up.
The kobold brigand hits you with a +0 short sword!
* * * LOW HITPOINT WARNING * * *
The kobold brigand barely misses you.
Fire: a) +1 sling {Jingyi}
Press: ? - help, Shift-Dir - straight line, f/p - kobold brigand
Aim: a kobold brigand, wielding a +0 short sword, wearing a +0 robe and quivering curare-tipped darts (severely wounded, 56% to hit)
You shoot a sling bullet.
The sling bullet closely misses the kobold brigand.
The kobold brigand hits you with a +0 short sword.
You die...

≈.#~~≈≈≈≈≈≈ ~~~~~~~.~#
).##################~## ..#
≈≈≈≈≈≈≈≈≈..).~≈#
..#≈≈≈≈≈≈≈≈≈≈≈≈≈~.#.~~#
~.#≈≈≈≈≈≈≈≈≈≈≈≈≈..#..~#
~.#≈≈≈≈≈≈≈≈≈≈≈≈≈~.#.~≈#
~.#≈≈≈≈≈≈≈≈≈≈~≈...#.~≈# †)#
≈≈≈~≈~~≈≈~~...#.~≈#
~.####~#~~###≈#.####@##
~.#.......).....≈~#.)K#
......)....).).≈≈≈≈)..'.
~.#..........)..≈~#...#...
~####~##.##~###.####.###).⌠.
. ≈≈~≈≈≈≈≈≈≈~~...#.~≈# ....
.~≈≈≈≈≈≈≈≈≈≈≈~≈~..#.~~# )''
~~≈≈≈≈≈≈≈≈≈≈≈≈~≈~.#.~~ ..
~≈≈≈≈≈≈≈≈≈≈≈≈≈≈~~.#


You could see a kobold brigand.

Vanquished Creatures
  Grinder (Sewer)
  A crocodile skeleton (Sewer)
  A gnoll (D:1)
  2 adders (D:2)
  A river rat (D:3)
  2 shadow imps (Sewer)
  2 ufetubi (Sewer)
  An adder zombie (Sewer)
  A ribbon worm (D:2)
  A dart slug (D:1)
  7 ball pythons
  3 bats
  A bat zombie (Sewer)
  3 endoplasms
  3 giant cockroaches
  5 goblins
  6 hobgoblins
  2 jackals (D:1)
  17 kobolds
  4 quokkas
  3 frilled lizards
  3 kobold zombies (Sewer)
  8 rats
78 creatures vanquished.

Notes
Turn   | Place    | Note
-------+----------+-------------------------------------------
     0 | D:1      | night the Coglin Hexslinger began the quest for the Orb.
     0 | D:1      | Reached XP level 1. HP: 15/15 MP: 2/2
    61 | D:1      | Reached skill level 2 in Ranged Weapons
    61 | D:1      | HP: 2/15 [goblin/+0 dagger (2)]
    66 | D:1      | Reached XP level 2. HP: 5/21 MP: 3/3
   144 | D:1      | Learned a level 2 spell: Jinxbite
   149 | D:1      | Reached skill level 2 in Dodging
   592 | D:1      | Reached XP level 3. HP: 26/26 MP: 1/4
  1058 | D:2      | Found a faded altar of an unknown god.
  1069 | D:2      | Prayed at the altar of an unknown god.
  1069 | D:2      | Became a worshipper of Beogh the Shepherd
  1069 | D:2      | Reached * piety under Beogh
  1265 | D:2      | Reached XP level 4. HP: 33/33 MP: 2/5
  2190 | D:3      | Found a glowing drain.
  2212 | D:3      | Reached skill level 3 in Ranged Weapons
  2229 | Sewer    | Entered a sewer
  2332 | Sewer    | Reached skill level 2 in Fighting
  2393 | Sewer    | Reached ** piety under Beogh
  2510 | Sewer    | Reached XP level 5. HP: 9/38 MP: 0/7
  2511 | Sewer    | Noticed Grinder
  2683 | Sewer    | Paralysed by Grinder for 3 turns
  2686 | Sewer    | Killed Grinder
  2687 | Sewer    | Reached skill level 4 in Ranged Weapons
  2687 | Sewer    | Reached skill level 1 in Invocations
  2687 | Sewer    | Reached XP level 6. HP: 26/46 MP: 2/8
  2857 | Sewer    | HP: 2/46 [kobold brigand/+0 short sword (7)]
  2858 | Sewer    | Slain by a kobold brigand

Illustrated notes

Levels and vault maps discovered:
D:1:      minmay_arrival_four_houses, layout_basic
D:2:      layout_basic, hellmonk_ecumenical_altar_arch_garden
D:3:      layout_basic, portal_sewer_entry_c, minmay_strange_pillars,
          mrwooster_statue_mirror, nicolae_elevator_lobby_asterisk
Sewer:    kennysheep_sewer_church

Skill      XL: |  1  2  3  4  5 |
---------------+----------------+-----
Ranged Weapons | 2 3 4 |  4.1
Dodging        | 2 3 |  3.1
Hexes          | 3 |  3.0
Fighting       | 2 |  2.9
Invocations    | 1 |  1.4
Spellcasting   | |  1.4
Fire Magic     | |  0.8

Action                     |  1- 3 |  4- 6 || total
---------------------------+-------+-------++-------
   Fire: Sling             |    89 |   164 ||   253
   Cast: Jinxbite          |    15 |    25 ||    40
 Invoke: Smiting           |       |     1 ||     1
    Use: Scroll            |     1 |     2 ||     3
         Potion            |       |     1 ||     1
 Armour: Robe              |    32 |    72 ||   104
  Dodge: Dodged            |    24 |    99 ||   123

Table legend: (Time is in decaauts)
 A = Elapsed time spent in this place.
 B = Non-inter-level travel time spent in this place.
 C = Inter-level travel time spent in this place.
 D = Time resting spent in this place.
 E = Time spent auto-exploring this place.
 F = Levels seen in this place.
 G = Mean time per level.
                   A        B        C        D        E       F      G
               +--------+--------+--------+--------+--------+-----+--------+
         Total |   2931 |   2914 |     17 |    496 |   1840 |   4 |  732.8 |
       Dungeon |   2269 |   2252 |     17 |    223 |   1680 |   3 |  756.3 |
         Sewer |    661 |    661 |      0 |    273 |    160 |   1 |  661.0 |
               +--------+--------+--------+--------+--------+-----+--------+

Top non-repeatable levels by time:
     D:1: 993 daAuts
     D:2: 890 daAuts
   Sewer: 661 daAuts
     D:3: 384 daAuts
